 Dungeon Crawl Stone Soup version 0.29-a0-275-g389c0b56f3 (webtiles) character file.

Game seed: 13977084019308905442

77 Anunax the Magician (level 4, -1/31 HPs)
             Began as a Djinni Fire Elementalist on Mar 10, 2022.
             Killed from afar by an orc wizard (5 damage)
             ... with a magic dart
             ... on level 3 of the Dungeon.
             The game lasted 00:10:53 (2547 turns).

Anunax the Magician (Djinni Fire Elementalist)      Turns: 2547, Time: 00:10:54

Health: -1/31      AC:  3    Str:  7    XL:     4   Next: 60%
Gold:   175        EV: 12    Int: 18    God:
                   SH:  0    Dex: 14

rFire   + + .      SeeInvis .   k - +0 hand axe (vamp)
rCold   x . .      Faith    .   (no shield)
rNeg    . . .      Spirit   .   a - +0 robe
rPois   ∞          Reflect  .   g - +1 hat
rElec   .          Harm     .   (no cloak)
rCorr   .          Rampage  .   (no gloves)
Will    .....                   (boots unavailable)
Stlth   ++........              (no amulet)
HPRegen 0.10/turn               (no ring)
MPRegen 0.00/turn               (no ring)

@: flying
A: sickness immunity, fire resistance 2, cold vulnerability 1, float, innate
caster, HP casting, extra vitality 1
a: no special abilities


You were on level 3 of the Dungeon.
You visited 1 branch of the dungeon, and saw 3 of its levels.

You collected 175 gold pieces.

Inventory:

Hand Weapons
 k - a +0 vampiric hand axe (weapon)
 n - a +3 short sword
Armour
 a - a +0 robe (worn)
 g - a +1 hat (worn)
Scrolls
 b - 2 scrolls of immolation
 c - 5 scrolls of identify {unknown}
 d - a scroll of fear {unknown}
 f - a scroll of enchant armour {unknown}
 j - a scroll of vulnerability {unknown}
Potions
 e - 2 potions of haste {unknown}
 h - 2 potions of ambrosia {unknown}
 i - a potion of cancellation {unknown}
 l - a potion of curing {unknown}
 m - a potion of mutation {unknown}


   Skills:
 + Level 0.1 Fighting
 + Level 2.6 Dodging
 + Level 1.8 Stealth
 + Level 3.6 Spellcasting


You couldn't memorise any spells.
You knew the following spells:

 Your Spells              Type           Power      Damage    Failure   Level
a - Foxfire               Conj/Fire      64%        2x1d7     3%          1
b - Scorch                Fire           32%        2d6       4%          2
c - Conjure Flame         Conj/Fire      16%        6-21      10%         3
d - Inner Flame           Hex/Fire       16%        N/A       10%         3
e - Flame Wave            Conj/Fire      16%        2d6       32%         4
f - Freeze                Ice            64%        1d8       3%          1
Your spell library was empty.

Dungeon Overview and Level Annotations

Branches:
Dungeon (3/15)

Altars:

Shops:
D:2 *


Innate Abilities, Weirdness & Mutations

You are immune to sickness and miasma.
You are immune to poison.
Your flesh is very heat resistant. (rF++)
You are vulnerable to cold. (rC-)
You float through the air rather than walking.
You learn spells naturally, not from books.
Your magical power is your life essence.
You have superior vitality. (+4 MHP)


Message History

Casting: Foxfire (safe; 3% risk of failure)
Confirm with . or Enter, or press ? or * to list all spells.
You conjure some foxfire!
* * * LOW HITPOINT WARNING * * *
The foxfire hits the orc wizard.
The orc wizard is lightly wounded.
The foxfire hits the orc wizard.
The orc wizard is heavily wounded.
Casting: Foxfire (safe; 3% risk of failure)
Confirm with . or Enter, or press ? or * to list all spells.
You conjure some foxfire!
* * * LOW HITPOINT WARNING * * *
Your foxfire dissipates!
The foxfire hits the orc wizard.
The orc wizard is almost dead.
Casting: Foxfire (safe; 3% risk of failure)
Confirm with . or Enter, or press ? or * to list all spells.
You conjure some foxfire!
* * * LOW HITPOINT WARNING * * *
Your foxfire dissipates!
Casting: Foxfire (safe; 3% risk of failure)
Confirm with . or Enter, or press ? or * to list all spells.
You conjure some foxfire!
* * * LOW HITPOINT WARNING * * *
Your foxfire dissipates!
Casting: Foxfire (safe; 3% risk of failure)
Confirm with . or Enter, or press ? or * to list all spells.
You conjure some foxfire!
* * * LOW HITPOINT WARNING * * *
The orc wizard casts a spell.
The orc wizard flickers and vanishes!
Deactivating autopickup; reactivate with Ctrl-A.
Your foxfire dissipates!
The foxfire hits something but does no damage.
A puff of flame appears from out of thin air!
The puff of flame hits you. You resist.
* * * LOW HITPOINT WARNING * * *
A magic dart appears from out of thin air!
The magic dart hits you.
You die...

## .######## ....)...#
.######.# .# #.# .# #.# .# #.#
.######.#####################
>...............@.....{.....##
.######.###################..#
.######.# ##§## ........# #.o#
.######## ##v# .# ##### #.# .#
#...# #.# .# #...# #.## .#
#...# ###### #..#


There were no monsters in sight!

Vanquished Creatures
  2 dart slugs
  7 orcs (D:3)
  9 ball pythons
  2 endoplasms
  2 giant cockroaches
  A goblin (D:1)
  6 hobgoblins
  3 jackals (D:2)
  4 quokkas
  14 bats
  3 frilled lizards
  7 kobolds
60 creatures vanquished.

Vanquished Creatures (others)
  134 foxfires
134 creatures vanquished.

Grand Total: 194 creatures vanquished

Notes
Turn   | Place    | Note
-------+----------+-------------------------------------------
     0 | D:1      | Anunax the Djinni Fire Elementalist began the quest for the
                  | Orb.
     0 | D:1      | Reached XP level 1. HP: 15/15 MP: 0/0
   158 | D:1      | Reached XP level 2. HP: 13/21 MP: 0/0
   421 | D:1      | Reached skill level 3 in Spellcasting
   578 | D:1      | Reached XP level 3. HP: 24/25 MP: 0/0
   578 | D:1      | Learned a level 1 spell: Freeze
   593 | D:1      | Found a faded altar of an unknown god.
   792 | D:1      | You are sucked into a shaft and drop 1 floor!
  1550 | D:2      | Found Ywef's Assorted Antiques.
  1725 | D:3      | Reached XP level 4. HP: 28/31 MP: 0/0
  2547 | D:3      | Killed from afar by an orc wizard

Illustrated notes

Levels and vault maps discovered:
D:1:      giann_wishing_wells, layout_basic, hellmonk_ecumenical_altar_blasted
D:2:      layout_rooms, serial_shops, nicolae_square_shop
D:3:      layout_basic, minmay_quantized

Skill      XL: |  1  2 |
---------------+-------+-----
Spellcasting   | 3 |  3.6
Fighting       | |  0.1
Dodging        | |  2.6
Stealth        | |  1.8

Action                   |  1- 3 |  4- 6 || total
-------------------------+-------+-------++-------
Melee: Hand axe          |       |     3 ||     3
 Cast: Foxfire           |    57 |    39 ||    96
Armor: Robe              |     3 |    13 ||    16
Dodge: Dodged            |    13 |    20 ||    33

Table legend: (Time is in decaauts)
 A = Elapsed time spent in this place.
 B = Non-inter-level travel time spent in this place.
 C = Inter-level travel time spent in this place.
 D = Time resting spent in this place.
 E = Time spent auto-exploring this place.
 F = Levels seen in this place.
 G = Mean time per level.
                   A        B        C        D        E       F      G
               +--------+--------+--------+--------+--------+-----+--------+
         Total |   2548 |   2545 |      3 |     97 |   1957 |   3 |  849.3 |
       Dungeon |   2548 |   2545 |      3 |     97 |   1957 |   3 |  849.3 |
               +--------+--------+--------+--------+--------+-----+--------+

Top non-repeatable levels by time:
     D:1: 1188 daAuts
     D:3: 851 daAuts
     D:2: 508 daAuts
